cohdb
Replays
Latest Replays
All Replays
Popular Replays
Top Player Replays
Match Explorer
How It Works
Community
CoH3 Stats
Reddit
Sign in to upload your games and track your stats! →
Sign in with Steam
Match 45436728
Unlisted
Match 45436728
Overview
Messages
Build Orders
End
Construct Barracks
Selects Armored Battlegroup
Selects Veteran Crews
1⁄4-ton 4x4 Truck
Riflemen Squad
Riflemen Squad
Construct Weapon Support Center
M1919 Machine Gun Team
M1919 Machine Gun Team
Construct Medical Station
Grenade Package
Selects M31 Recovery Vehicle
Mechanized Support Center
Selects War Machine
M3 Armored Personnel Carrier
M3 Armored Personnel Carrier
.30 cal Machine Gun
M3 Armored Personnel Carrier
Riflemen Squad
Designate Forward Repair Station
Selects Strength in Steel
M3 Armored Personnel Carrier
Engineer Squad
Mortar Pit
M1918 Browning Automatic Rifles
Salvage Crew
AI Takeover
Toguro
JISA_leb
0
0
Comments
sign in to comment!
No comments posted yet!